 Dungeon Crawl Stone Soup version 0.23.0 (webtiles) character file.

Game seed: 17483873810890952453

22 tidbits the Charmwright (level 2, 8/26 HPs)
             Began as a Gnoll Skald on Feb 11, 2019.
             Quit the game on level 3 of the Dungeon.
             The game lasted 00:01:41 (185 turns).

tidbits the Charmwright (Gnoll Skald)                Turns: 185, Time: 00:01:41

Health: 8/26       AC:  3    Str: 13    XL:     2   Next: 91%
Magic:  2/7        EV: 14    Int: 15    God:
Gold:   25         SH:  0    Dex: 14    Spells: 5/10 levels left

rFire    . . .     SeeInvis .   a - +0 spear
rCold    . . .     Gourm    .   (no shield)
rNeg     . . .     Faith    .   b - +0 leather armour
rPois    .         Spirit   .   (no helmet)
rElec    .         Reflect  .   (no cloak)
rCorr    .         Harm     .   (no gloves)
MR       .....                  (no boots)
Stlth    +.........             (no amulet)
HPRegen  0.08/turn              (no ring)
MPRegen  0.10/turn              (no ring)

@: quite poisoned (8 -> 5), infused, hasted, very quick
A: distributed training, fangs 1, strong nose
a: no special abilities


You were on level 3 of the Dungeon.
You were not hungry.

You visited 1 branch of the dungeon, and saw 3 of its levels.

You collected 25 gold pieces.

Inventory:

Hand Weapons
 a - a +0 spear (weapon)
 h - a +0 blowgun
Missiles
 c - 17 stones (quivered)
 i - 13 poisoned needles
Armour
 b - a +0 leather armour (worn)
Scrolls
 f - 3 scrolls of teleportation {unknown}
 g - a scroll of noise {unknown}
Potions
 e - a potion of haste
Comestibles
 d - a ration


   Skills:
 + Level 4.5 Fighting
 + Level 0.5 Short Blades
 + Level 0.5 Long Blades
 + Level 0.5 Axes
 + Level 0.5 Maces & Flails
 + Level 4.5 Polearms
 + Level 0.5 Staves
 + Level 0.5 Slings
 + Level 0.5 Bows
 + Level 0.5 Crossbows
 + Level 0.5 Throwing
 + Level 2.5 Armour
 + Level 4.5 Dodging
 + Level 0.5 Stealth
 + Level 0.5 Shields
 + Level 0.5 Unarmed Combat
 + Level 4.9 Spellcasting
 + Level 0.4 Conjurations
 + Level 0.4 Hexes
 + Level 5.4 Charms
 + Level 0.4 Summonings
 + Level 0.4 Necromancy
 + Level 0.4 Translocations
 + Level 0.4 Transmutations
 + Level 0.4 Fire Magic
 + Level 0.4 Ice Magic
 + Level 0.4 Air Magic
 + Level 0.4 Earth Magic
 + Level 0.4 Poison Magic
 + Level 0.7 Invocations
 + Level 0.5 Evocations


You had 5 spell levels left.
You knew the following spells:

 Your Spells              Type           Power        Failure   Level  Hunger
g - Shroud of Golubria    Chrm/Tloc      ##........   10%         2    ##.....
i - Infusion              Chrm           ###.         2%          1    None
y - Song of Slaying       Chrm           ###.....     3%          2    ##.....

Your spell library contained the following spells:

 Spells                   Type           Power        Failure   Level  Hunger
 Regeneration             Chrm/Necr      ##........   19%         3    ###....
 Spectral Weapon          Hex/Chrm       ##......     19%         3    ###....


Dungeon Overview and Level Annotations

Branches:
Dungeon (3/15)

Altars:


Innate Abilities, Weirdness & Mutations

Your experience applies equally to all skills.
You have very sharp teeth.
Your uncanny sense of smell can sniff out nearby items.


Message History

Press: ? - help, Dir - move target cursor, f/p - worm
Aim: a worm (moderately wounded)
You reach to attack!
You hit the worm!
The worm is almost dead.
You hit the worm!
You kill the worm!
No target in view!
No target in view!
Found 13 gold pieces.
A kobold comes into view.
The kobold shouts!
The kobold wields a +0 blowgun.
The kobold shoots a poisoned needle.
The poisoned needle misses you.
Found a robe and a poisoned needle.
Unknown command.
The kobold unwields a +0 blowgun.
The kobold closely misses you.
Unknown command.
You closely miss the kobold. You bite the kobold, but do no damage.
The kobold barely misses you.
You miss the kobold. The kobold closely misses you.
You barely miss the kobold. You hit the kobold.
You kill the kobold!
Things that are here:
a +0 blowgun; 13 poisoned needles
h - a +0 blowgun;
i - 13 poisoned needles You see here 13 gold pieces.
You now have 13 gold pieces.
You open the door.
There is an open door here.
Unknown command.
Your magical infusion is running out.
Unknown command.
Found 12 gold pieces.
Unknown command.
You are no longer magically infusing your attacks.
Unknown command.
An adder comes into view.
You see here 12 gold pieces.
You now have 25 gold pieces (gained 12).
Casting: Infusion (safe; 2% risk of failure)
Confirm with . or Enter, or press ? or * to list all spells.
You begin infusing your attacks with magical energy.
Unknown command.
Unknown command.
Attack whom?
Press: ? - help, Dir - move target cursor, f - adder
Aim: an adder You reach to attack!
You barely miss the adder. The adder bites you.
You closely miss the adder. The adder bites you.
You hit the adder. You bite the adder, but do no damage.
The adder is moderately wounded.
The adder bites you.
You are poisoned.
The adder poisons you!
You closely miss the adder. You bite the adder, but do no damage.
The adder is moderately wounded.
You feel sick. The adder closely misses you.
You barely miss the adder. Your bite misses the adder.
The adder is moderately wounded.
The adder closely misses you.
You miss the adder. Your bite misses the adder.
The adder is moderately wounded.
The adder closely misses you. The adder bites you.
You barely miss the adder. Your bite misses the adder.
The adder is moderately wounded.
The adder closely misses you.
You closely miss the adder. Your bite misses the adder.
The adder is moderately wounded.
You feel sick. The adder closely misses you.
You hit the adder.
The adder is heavily wounded.
The adder bites you.
You are more poisoned.
The adder poisons you!
You hit the adder.
The adder is almost dead.
The adder barely misses you.
You closely miss the adder.
The adder is almost dead.
You feel sick. The adder bites you.
You are more poisoned.
The adder poisons you!
You closely miss the adder.
The adder is almost dead.
The adder barely misses you.
You hit the adder.
You kill the adder!
You feel sick.
Okay, then.
It was a potion of haste.
You feel yourself speed up.
You feel sick.
You feel sick.
You feel sick.
You feel sick.
You feel sick.
You feel sick.
You see here a robe.
You feel sick.
Are you sure you want to abandon this character and quit the game? (Confirm with "yes".)

##.# ##...######
#.....#...######
###...#.........#
.......<....# #.#
####.##.....###.#
##........#
##+####.#####.#
##...###.# #@#
##.....##.#####.#
##.......#.##....#
#..........##....##
#..............[..#
#................##
##.......####.#(#####
##.....## #.###...#
##...## #.....#.#


There were no monsters in sight!

Vanquished Creatures
  An adder (D:3)
  A worm (D:3)
  A dart slug (D:1)
  A bat (D:1)
  A goblin (D:1)
  A hobgoblin (D:1)
  2 kobolds
8 creatures vanquished.

Notes
Turn   | Place    | Note
-------+----------+-------------------------------------------
     0 | D:1      | tidbits the Gnoll Skald began the quest for the Orb.
     0 | D:1      | Reached XP level 1. HP: 20/20 MP: 6/6
    71 | D:1      | Reached XP level 2. HP: 26/26 MP: 2/7
    75 | D:1      | Learned a level 2 spell: Song of Slaying
    78 | D:1      | Learned a level 2 spell: Shroud of Golubria
   185 | D:3      | Quit the game

Action                   || total
-------------------------++-------
Melee: Spear             ||    32
       Bite              ||     4
 Cast: Infusion          ||     4
  Use: Potion            ||     1
Armor: Leather armour    ||     3
Dodge: Dodged            ||    12

Table legend:
 A = Turns spent in this place as a percentage of turns spent in the entire game.
 B = Non-inter-level travel turns spent in this place as a percentage of non-inter-level travel turns spent in the entire game.
 C = Inter-level travel turns spent in this place as a percentage of turns spent in this place.
 D = Turns resting spent in this place as a percentage of non-inter-level travel turns spent in this place.
 E = Turns spent auto-exploring this place as a percentage of non-inter-level travel turns spent in this place.
 F = Non-inter-level travel turns spent in this place divided by the number of levels of this place that you've seen.
                   A       B       C       D       E      F
               +-------+-------+-------+-------+-------+----------------------
         Total | 100.0 | 100.0 |   0.0 |   0.0 |   0.0 |  61.7
       Dungeon | 100.0 | 100.0 |   0.0 |   0.0 |   0.0 |  61.7
               +-------+-------+-------+-------+-------+----------------------

Table legend:
 A = Kills in this place as a percentage of kills in entire the game.
 B = Kills by you in this place as a percentage of kills by you in the entire game.
 C = Kills by friends in this place as a percentage of kills by friends in the entire game.
 D = Other kills in this place as a percentage of other kills in the entire game.
 E = Experience gained in this place as a percentage of experience gained in the entire game.
 F = Experience gained in this place divided by the number of levels of this place that you have seen.
                   A       B       C       D       E      F
               +-------+-------+-------+-------+-------+----------------------
         Total | 100.0 | 100.0 |   N/A |   N/A | 100.0 |  10.7
       Dungeon | 100.0 | 100.0 |   N/A |   N/A | 100.0 |  10.7
               +-------+-------+-------+-------+-------+----------------------

Levels and vault maps discovered:
D:1:      lemuel_arrival_lava_pool, layout_basic
D:2:      layout_basic, first_ration, grunt_gozag_statues, uniq_sigmund
D:3:      layout_loops_corners, uniq_crazy_yiuf_cottage
